Map: Eternal Empire LE

Players

llllllllllll (Trap)

  • Race: Protoss Protoss
  • League: Master
  • Spawn Location: 1:00

TYTY (TY) - Winner!

  • Race: Terran Terran
  • League: Grandmaster
  • Spawn Location: 7:00

Event: Shopify TSL 5

VOD

Have the link to the VOD?

Description

Time

  • Played on: May 17, 2020, 9:38 a.m.
  • Length: 9:13

All games in this series

Show
View Real Time Build Order
Export as new Build Order

llllllllllll Protoss 

Build Orders: Blink Stalkers 

Get SALT Encoding   

  12  0:00  Probe  
  13  0:12  Probe  
  14  0:17  Pylon  
  14  0:24  Probe (Chrono Boost)  
  15  0:36  Probe (Chrono Boost)  
  15  0:37  Gateway  
  16  0:45  Probe (Chrono Boost)  
  16  0:46  Assimilator  
  17  0:51  Probe  
  18  1:03  Probe  
  19  1:15  Probe  
  20  1:25  Zealot  
  22  1:26  Cybernetics Core  
  22  1:31  Probe  
  22  1:32  Pylon  
  23  1:33  Assimilator  
  23  1:50  Probe  
  24  1:59  Stalker (Chrono Boost)  
  24  2:02  Probe  
  24  2:04  Warp Gate  
  26  2:08  Shield Battery  
  26  2:10  Shield Battery  
  26  2:14  Probe  
  27  2:21  Stalker (Chrono Boost)  
  29  2:25  Pylon  
  29  2:26  Probe  
  30  2:39  Nexus  
  30  2:43  Probe  
  31  2:50  Stalker  
  33  2:55  Probe  
  34  3:00  Pylon  
  34  3:08  Twilight Council  
  34  3:12  Probe (Chrono Boost)  
  35  3:24  Probe (Chrono Boost)  
  35  3:29  Probe (Chrono Boost)  
  34  3:38  Nexus  
  34  3:41  Probe  
  35  3:52  Probe (Chrono Boost)  
  35  3:53  Blink  
  37  4:01  Probe (Chrono Boost)  
  38  4:04  Sentry, Probe (Chrono Boost)  
  38  4:09  Probe x2 (Chrono Boost)  
  41  4:14  Robotics Facility  
  42  4:19  Probe (Chrono Boost)  
  42  4:21  Pylon  
  42  4:24  Probe (Chrono Boost)  
  44  4:30  Probe (Chrono Boost)  
  45  4:32  Gateway  
  45  4:35  Probe x2 (Chrono Boost)  
  47  4:39  Gateway  
  49  4:46  Probe (Chrono Boost)  
  49  4:48  Adept, Probe (Chrono Boost)  
  49  4:51  Probe (Chrono Boost)  
  52  4:57  Assimilator  
  54  5:00  Probe (Chrono Boost)  
  54  5:01  Probe (Chrono Boost)  
  54  5:04  Probe (Chrono Boost)  
  54  5:05  Probe (Chrono Boost)  
  54  5:08  Probe  
  54  5:10  Stalker  
  56  5:20  Probe x3  
  56  5:32  Probe (Chrono Boost)  
  56  5:33  Probe (Chrono Boost)  
  57  5:37  Observer  
  57  5:38  Probe (Chrono Boost)  
  57  5:42  Probe x2 (Chrono Boost)  
  60  5:45  Stalker  
  60  5:46  Probe (Chrono Boost), Stalker  
  60  5:48  Probe x2 (Chrono Boost)  
  67  5:57  Probe  
  68  5:58  Charge  
  68  6:00  Pylon  
  69  6:04  Observer, Forge  
  69  6:06  Probe x2  
  69  6:09  Probe  
  71  6:19  Gateway x2  
  71  6:20  Sentry x2  
  71  6:22  Gateway  
  71  6:23  Warp Prism (Chrono Boost)  
  75  6:29  Probe x2  
  75  6:30  Probe  
  80  6:32  Protoss Ground Weapons Level 1 (Chrono Boost)  
  80  6:33  Pylon  
  80  6:42  Probe x2, Pylon x2  
  80  6:44  Probe  
  83  6:55  Zealot x3  
  83  6:58  Gateway  
  83  6:59  Gateway  
  89  7:02  Immortal (Chrono Boost)  
  93  7:10  Pylon  
  93  7:12  Pylon  
  93  7:15  Templar Archives  
  93  7:18  Pylon  
  93  7:23  Zealot x4  
  93  7:25  Assimilator  
  101  7:30  Zealot x2  
  101  7:36  Pylon  
  103  7:46  Zealot x4  
  111  7:51  High Templar  
  111  7:52  Zealot  
  111  7:56  Photon Cannon, Pylon  
  111  7:58  High Templar, Pylon  
  117  7:59  High Templar  
  117  8:03  Archon  
  119  8:13  High Templar, Zealot x4  
  119  8:18  Pylon  
  119  8:19  Pylon  
  129  8:24  Archon  
  127  8:27  Zealot  
  127  8:32  Immortal (Chrono Boost)  
  127  8:33  Zealot x2  
  127  8:34  Zealot x4  
  113  8:49  Zealot x2  
  113  8:54  High Templar  
  113  8:55  High Templar, Zealot x4  
  85  8:58  Archon  
Show
View Real Time Build Order
Export as new Build Order

TYTY Terran - Winner!

Build Orders:  

Get SALT Encoding   

  12  0:00  SCV  
  13  0:12  SCV  
  14  0:17  Supply Depot  
  14  0:24  SCV  
  15  0:41  Barracks  
  15  0:50  Barracks  
  15  0:53  SCV  
  16  1:06  SCV  
  17  1:15  Refinery  
  17  1:18  SCV  
  18  1:28  Marine  
  18  1:30  Orbital Command  
  19  1:40  Supply Depot  
  19  1:41  Marine  
  19  1:46  Marine  
  21  1:54  Bunker  
  21  1:59  Marine  
  21  2:03  SCV  
  22  2:15  Bunker  
  22  2:16  Factory  
  22  2:17  SCV, Marine  
  24  2:29  SCV  
  25  2:35  Marine  
  26  2:41  SCV  
  27  2:53  SCV  
  28  3:02  Bunker  
  28  3:03  Command Center  
  29  3:08  SCV  
  30  3:13  Starport  
  30  3:14  Supply Depot  
  30  3:19  Widow Mine  
  30  3:20  SCV  
  30  3:23  Refinery  
  31  3:32  SCV  
  31  3:40  Hellion  
  33  3:44  SCV  
  34  3:50  Medivac  
  34  3:53  Supply Depot  
  36  3:56  SCV  
  36  4:02  Hellion  
  39  4:15  SCV, Orbital Command  
  40  4:24  Factory Tech Lab  
  40  4:25  Marine  
  40  4:27  SCV  
  40  4:30  Marine  
  43  4:39  SCV  
  43  4:40  Barracks  
  43  4:43  SCV  
  43  4:44  Marine  
  46  4:46  Raven  
  46  4:48  Marine  
  46  4:49  Supply Depot  
  46  4:51  SCV  
  50  4:53  Factory Reactor  
  50  4:55  SCV  
  51  5:02  Marine  
  51  5:03  SCV  
  51  5:06  Marine  
  54  5:07  SCV  
  55  5:15  SCV  
  55  5:19  SCV, Marine  
  54  5:25  Engineering Bay  
  54  5:27  SCV  
  54  5:32  SCV  
  55  5:35  Supply Depot  
  55  5:37  Refinery  
  55  5:38  Marine  
  55  5:39  SCV, Stimpack  
  55  5:42  Starport Reactor, Marine, Factory Tech Lab  
  57  5:43  Marine  
  57  5:44  SCV  
  57  5:46  Marauder  
  57  5:48  Supply Depot  
  61  5:51  SCV  
  61  5:56  SCV, Marine  
  64  5:57  Supply Depot  
  64  5:58  Terran Infantry Weapons Level 1  
  64  6:00  Marine x2  
  64  6:02  Siege Tank  
  64  6:03  SCV  
  70  6:07  Marine  
  70  6:08  SCV  
  72  6:17  Barracks  
  70  6:20  Barracks  
  70  6:23  Marine x3  
  70  6:24  Marine  
  73  6:26  Starport Reactor  
  73  6:29  Marine  
  74  6:34  SCV, Siege Tank  
  74  6:35  Supply Depot  
  78  6:41  Marine x3  
  78  6:42  SCV  
  78  6:43  Marine  
  78  6:45  Supply Depot  
  78  6:46  SCV  
  84  6:51  Marine  
  85  6:58  Supply Depot  
  85  6:59  Marine x3  
  90  7:01  Marine  
  90  7:03  Medivac x2  
  90  7:04  Marine  
  90  7:07  Marine  
  95  7:08  Marine  
  95  7:12  Siege Tank  
  99  7:18  Combat Shield  
  99  7:19  Marine  
  99  7:20  Missile Turret, Marine  
  99  7:22  Marine  
  102  7:25  Missile Turret  
  102  7:29  Marine x3  
  105  7:33  Medivac  
  105  7:34  Marine  
  105  7:36  Marine  
  109  7:38  Marine  
  109  7:39  Marine, Medivac  
  110  7:46  Marine  
  110  7:47  Marine x2  
  113  7:52  Marine  
  113  7:54  Marine  
  113  7:55  Siege Tank  
  118  8:00  Marine x2  
  118  8:04  Marine  
  118  8:05  Marine  
  121  8:06  Marine  
  121  8:10  Marine  
  123  8:14  Marine  
  123  8:18  Marine x2  
  124  8:22  Marine x2  
  125  8:33  Marine  
  119  8:38  Siege Tank  
  103  8:50  Marine x2  
  103  8:52  Marine  
  103  8:53  Marine  
Tags
 
Add a new tag
Caveats
  • Supply blocks, unpowered buildings, or Contaminate may cause inaccurate times.
  • Supply counts are checked every 10 seconds.